 Dungeon Crawl Stone Soup version 0.29-a0-1039-gfc20370e89 (webtiles) character file.

Game seed: 15750955749844152582

2997 OPersze the Cutter (level 9, -8/71 HPs)
             Began as a Ghoul Necromancer on Aug 15, 2022.
             Was a Believer of Kikubaaqudgha.
             Shot with a sling bullet by Joseph (20 damage)
             ... on level 7 of the Dungeon.
             The game lasted 01:12:19 (6598 turns).

OPersze the Cutter (Ghoul Necromancer)              Turns: 6598, Time: 01:12:21

Health: -8/71      AC:  5    Str: 12      XL:     9   Next: 84%
Magic:  10/15      EV: 12    Int: 13 (14) God:    Kikubaaqudgha [**....]
Gold:   387        SH:  0    Dex:  8 (9)  Spells: 8/18 levels left

rFire   + + .      SeeInvis .   F - +9 rapier "Tuschetieg" {spect, rF++ Stlth+}
rCold   + . .      Faith    .   (no shield)
rNeg    + + +      Spirit   .   a - +0 robe
rPois   ∞          Reflect  .   (no helmet)
rElec   .          Harm     .   (no cloak)
rCorr   .          Rampage  .   (no gloves)
Will    .....                   Y - +2 pair of boots
Stlth   +++.......              (no amulet)
HPRegen 0.00/turn               (no ring)
MPRegen 0.14/turn               (no ring)

@: animating dead, inhibited regen
A: claws 1, cold resistance 1, negative energy resistance 3, inhibited
regeneration, torment resistance 2, devour on kill
a: Renounce Religion, Unearth Wretches


You were on level 7 of the Dungeon.
You worshipped Kikubaaqudgha.
Kikubaaqudgha was pleased with you.
You visited 2 branches of the dungeon, and saw 8 of its levels.

You collected 387 gold pieces.

Inventory:

Hand Weapons
 F - the +9 rapier "Tuschetieg" (weapon) {spect, rF++ Stlth+}
   (You found it on level 2 of the Dungeon)

   When its wielder attacks, the weapon's spirit leaps out and strikes again.
   The spirit shares a part of any damage it takes with its wielder.
   rF:        It greatly protects you from fire.
   Stlth:     It makes you more stealthy.
 K - a +3 dagger of venom
 O - the +10 spear of Odiky {vorpal, Str+3}
   (You found it on level 3 of the Dungeon)

   It inflicts extra damage upon your enemies.
   Str:       It affects your strength (+3).
 X - the +4 trident of Ufforgh {holy, Str+7}
   (You took it off a kobold on level 6 of the Dungeon)

   It has been blessed by the Shining One to cause great damage to the undead
   and demons.
   Str:       It affects your strength (+7).
 Z - the +6 hammer of a sewer {freeze, Int+5 SInv}
   (You found it on level 4 of the Dungeon)

   It freezes those it strikes, dealing additional cold damage.
   It can also slow down cold-blooded creatures.
   Int:       It affects your intelligence (+5).
   SInv:      It lets you see invisible.
Missiles
 s - 24 poisoned darts
Armour
 a - a +0 robe (worn)
 e - a +0 ring mail
 h - a +0 scale mail
 i - a +0 robe
 p - a +0 scale mail
 v - a +0 ring mail of positive energy
 B - a +0 leather armour
 C - a +0 ring mail
 I - a +0 leather armour
 U - a +0 leather armour
 Y - a +2 pair of boots (worn)
Magical Staves
 l - a staff of fire
Wands
 J - a wand of mindburst (30)
 Q - a wand of polymorph (11)
Scrolls
 f - a scroll of enchant weapon {unknown}
 q - a scroll of butterflies {unknown}
 r - 2 scrolls of teleportation
 A - a scroll of blinking {unknown}
 E - 3 scrolls of identify {unknown}
 P - 2 scrolls of magic mapping {unknown}
 V - a scroll of enchant armour {unknown}
Potions
 b - 2 potions of magic
 c - 2 potions of berserk rage {unknown}
 d - a potion of brilliance {unknown}
 j - 2 potions of degeneration {unknown}
 k - a potion of lignification {unknown}
 n - a potion of heal wounds {unknown}
 o - 4 potions of ambrosia {unknown}
 w - a potion of cancellation {unknown}
 x - a potion of attraction {unknown}
 z - 5 potions of curing {unknown}
 G - 2 potions of flight {unknown}
 N - 2 potions of resistance {unknown}
 R - a potion of haste


   Skills:
 + Level 3.8 Fighting
 * Level 7.5 Short Blades
 - Level 1.1 Maces & Flails
 + Level 3.5 Dodging
 + Level 5.0 Stealth
 + Level 5.1 Spellcasting
 + Level 0.1 Summonings
 + Level 6.9 Necromancy


You had 8 spell levels left.
You knew the following spells:

 Your Spells              Type           Power      Damage    Failure   Level
a - Necrotise             Necr           84%        1d8       1%          1
b - Vampiric Draining     Necr           21%        2d7       3%          3
c - Animate Dead          Necr           21%        N/A       11%         4
d - Call Imp              Summ           3%         N/A       26%         2

Your spell library contained the following spells:

 Spells                   Type           Power      Damage    Failure   Level
 Magic Dart               Conj           12%        1d3       19%         1
 Agony                    Necr           21%        N/A       28%         5
 Anguish                  Hex/Necr       6%         N/A       41%         4
 Mephitic Cloud           Conj/Pois/Air  3%         N/A       50%         3


Dungeon Overview and Level Annotations

Branches:
Dungeon (7/15)             Temple (1/1) D:4

Altars:
Ashenzari
Cheibriados
Dithmenos
Fedhas
Hepliaklqana
Kikubaaqudgha
Makhleb
Okawaru
Ru
Trog
Vehumet
Wu Jian
Xom
Yredelemnul

Shops:
D:3 [   D:5 *

Annotations:
D:7 Joseph


Innate Abilities, Weirdness & Mutations

You are immune to poison.
You have sharp fingernails.
Your flesh is cold resistant. (rC+)
You are immune to negative energy. (rN+++)
You do not regenerate when monsters are visible.
You are immune to unholy pain and torment.
You thrive by killing the living.


Message History

Your reaping aura is weakening.
Your reaping aura expires.
You now have 387 gold pieces (gained 6).
Found a scroll labelled SATRIQ DAOVE.
Found 9 gold pieces.
E - 3 scrolls labelled SATRIQ DAOVE (gained 1) Joseph, a Mercenary comes into view.
He is wielding a +0 quarterstaff, wearing a +2 ring mail of fire resistance and carrying a wand of polymorph (6).
You see here 9 gold pieces.
Press: ? - help, v - describe, . - travel
Here: Joseph, wielding a +0 quarterstaff, wearing a +2 ring mail of fire resistance and carrying a wand of polymorph (6) (asleep, ally target)
The floor.
Press: ? - help, v - describe, . - travel, g - get item Item here: 9 gold pieces.
The floor.
Casting: Call Imp (dangerous; 26% risk of failure)
Confirm with . or Enter, or press ? or * to list all spells.
You dismiss your zombies and call upon the dead to rise afresh.
Joseph shouts!
Your gnoll zombie crumbles into dust!
Joseph unwields a +0 quarterstaff.
Joseph wields a +0 sling.
Joseph shoots a sling bullet.
The sling bullet hits you!
Casting: Animate Dead (dangerous; 11% risk of failure)
Confirm with . or Enter, or press ? or * to list all spells.
A beastly little devil appears in a puff of flame.
Joseph shoots a sling bullet.
The sling bullet hits you!
Joseph zaps a wand.
You easily resist.
Your crimson imp hits Joseph but does no damage.
Joseph zaps a wand.
You easily resist.
Your crimson imp blinks!
Joseph shoots a sling bullet.
The sling bullet hits you.
Joseph shoots a sling bullet.
The sling bullet hits you!!
* * * LOW HITPOINT WARNING * * *
Your crimson imp hits Joseph.
Joseph zaps a wand.
Your crimson imp barely misses Joseph.
Joseph shoots a sling bullet.
The sling bullet closely misses you.
Your crimson imp barely misses Joseph.
Joseph zaps a wand.
You easily resist.
Your crimson imp barely misses Joseph.
Joseph shoots a sling bullet.
The sling bullet hits you!!
You die...
Kikubaaqudgha rasps: "You have failed me!
Welcome... oblivion!"

#.....#.............##........
#.@#.5..............#........
###5..@..................... .
##.#.$..#..................####
#.......##..................##.
###.......#...................##.
#.......#.......)..)........#.Z..
###..#..##..........)).....###...
#..##..........@.......>..###...
#..........................#....
#...#...##......................
##.##..###.....#.......##.#.#...
## #### #....##..##......###...
#........##......# #...
.......#.####....## ##.(
.......### ..$.. ..... #....


You could see Joseph (ally target) and a friendly crimson imp (summoned).

Vanquished Creatures
  An orc warrior (D:7)
  2 ice beasts (D:5)
  3 sky beasts
  3 black bears
  2 ogres (D:5)
  A centaur (D:6)
  4 phantoms
  2 kobold brigands (D:6)
  Blork the orc (D:5)
  A lemure (D:7)
  2 necrophages (D:5)
  A scorpion (D:6)
  2 bullfrogs
  A howler monkey (D:6)
  2 hounds (D:5)
  2 jellies
  Crazy Yiuf (D:4)
  5 orc priests
  An iguana (D:4)
  An orc wizard (D:4)
  6 adders
  3 gnolls (D:7)
  A white imp (D:5)
  An ufetubus (D:6)
  5 worms (D:4)
  2 dart slugs
  8 orcs
  4 ball pythons
  4 endoplasms
  3 giant cockroaches
  17 goblins
  11 hobgoblins
  3 jackals (D:4)
  19 kobolds
  5 quokkas
  3 bats (D:3)
  5 frilled lizards
  12 rats
  7 bushes
  A butterfly (D:4)
158 creatures vanquished.

Vanquished Creatures (collateral kills)
  Pikel (D:7)
  An orc wizard (D:7)
  Robin (D:4)
  An orc (D:6)
  A ball python (D:4)
  A butterfly (D:4)
6 creatures vanquished.

Vanquished Creatures (others)
  A black bear zombie (D:6)
  A hound zombie (D:5)
  An iguana zombie (D:4)
  A jelly zombie (D:5)
  2 gnoll zombies (D:7)
  4 goblin zombies (D:4)
  2 hobgoblin zombies (D:4)
  2 kobold zombies (D:6)
  3 fungi (D:4)
  17 plants
34 creatures vanquished.

Grand Total: 198 creatures vanquished

Notes
Turn   | Place    | Note
-------+----------+-------------------------------------------
     0 | D:1      | OPersze the Ghoul Necromancer began the quest for the Orb.
     0 | D:1      | Reached XP level 1. HP: 14/14 MP: 2/2
   248 | D:1      | Reached XP level 2. HP: 17/20 MP: 0/3
   748 | D:2      | Reached skill level 1 in Maces & Flails
  1003 | D:2      | Reached XP level 3. HP: 24/27 MP: 4/4
  1009 | D:2      | Learned a level 3 spell: Vampiric Draining
  1306 | D:2      | Identified the +9 rapier "Tuschetieg" {spect, rF++ Stlth+}
  1449 | D:2      | Found a sacrificial altar of Ru.
  1459 | D:2      | Became a worshipper of Ru the Awakened
  2227 | D:3      | Reached XP level 4. HP: 34/34 MP: 2/6
  2233 | D:3      | Found Voru's Armour Emporium.
  2285 | D:3      | Reached skill level 1 in Short Blades
  2314 | D:3      | Found a blossoming altar of Fedhas.
  2394 | D:3      | Identified the +10 spear of Odiky {vorpal, Str+3}
  2396 | D:3      | Found a broken altar of Ashenzari.
  2455 | D:3      | Reached XP level 5. HP: 36/39 MP: 0/7
  2466 | D:3      | Reached skill level 2 in Short Blades
  2493 | D:3      | Learned a level 4 spell: Animate Dead
  2518 | D:3      | Reached skill level 1 in Fighting
  3283 | D:4      | Noticed Robin
  3375 | D:4      | Reached skill level 5 in Necromancy
  3375 | D:4      | Reached XP level 6. HP: 43/47 MP: 9/9
  3401 | D:4      | Found a staircase to the Ecumenical Temple.
  3412 | Temple   | Entered the Ecumenical Temple
  3544 | Temple   | Fell from the grace of Ru
  3544 | Temple   | Became a worshipper of Kikubaaqudgha
  3656 | D:4      | Identified the +6 hammer of a sewer {freeze, Int+5 SInv}
  3682 | D:4      | Found a runed translucent door.
  3683 | D:4      | Noticed Crazy Yiuf
  3746 | D:4      | Killed Crazy Yiuf
  3747 | D:4      | Reached skill level 3 in Short Blades
  3967 | D:4      | Noticed a black bear
  3981 | D:4      | Killed a black bear
  4032 | D:4      | Noticed a sky beast
  4051 | D:4      | Killed a sky beast
  4052 | D:4      | Reached XP level 7. HP: 18/52 MP: 5/10
  4060 | D:4      | Killed Robin
  4220 | D:4      | Reached skill level 4 in Short Blades
  4222 | D:4      | Reached * piety under Kikubaaqudgha
  4222 | D:4      | Received a gift from Kikubaaqudgha
  4305 | D:4      | Noticed a moth of wrath
  4309 | D:4      | Found a bloodstained altar of Trog.
  4541 | D:4      | Found a shimmering altar of Xom.
  4614 | D:5      | Entered Level 5 of the Dungeon
  4644 | D:5      | Reached XP level 8. HP: 61/61 MP: 5/12
  4645 | D:5      | Reached skill level 5 in Short Blades
  4726 | D:5      | Noticed Blork the orc
  4739 | D:5      | Killed Blork the orc
  5118 | D:5      | Found Imitek's Neck Hole.
  5326 | D:6      | Reached skill level 6 in Short Blades
  5335 | D:6      | Found a basalt altar of Yredelemnul.
  5487 | D:6      | Reached XP level 9. HP: 56/68 MP: 11/14
  5495 | D:6      | Reached ** piety under Kikubaaqudgha
  5698 | D:6      | Identified the +4 trident of Ufforgh {holy, Str+7}
  6125 | D:7      | Reached skill level 7 in Short Blades
  6522 | D:7      | Learned a level 2 spell: Call Imp
  6531 | D:7      | Noticed Pikel
  6542 | D:7      | Killed Pikel
  6543 | D:7      | Reached skill level 5 in Stealth
  6543 | D:7      | Reached skill level 5 in Spellcasting
  6580 | D:7      | Noticed Joseph
  6598 | D:7      | Shot with a sling bullet by Joseph

Illustrated notes

Levels and vault maps discovered:
D:1:      scummos_arrival_simple_fountains, layout_rooms
D:2:      layout_loops_cross, serial_forest, infiniplex_forest_lined_corner,
          infiniplex_forest_lined_4_way, infiniplex_forest_end_1,
          infiniplex_forest_lined_room_, infiniplex_forest_clump_curved,
          infiniplex_forest_clump_tiny, infiniplex_forest_clump_double,
          infiniplex_forest_zigzag_1, infiniplex_forest_straight_3, basic_altar,
          grunt_ministairs_9, chequers_serial_rivers_micro_e
D:3:      layout_loops_cross, mainiacjoe_overflow_concentric_impassable,
          ashenzari_conservatory_becter, serial_shops, nicolae_shop_waterfront,
          minivault_23, lexackson_kobold_supper
D:4:      layout_cave_pools, xom_butterflies, tgw_trog,
          minmay_temple_entry_glassed_door, uniq_robin, uniq_crazy_yiuf_cottage
D:5:      layout_rooms, nicolae_shop_sticking_my_neck_out, uniq_blork_the_orc
D:6:      layout_basic, lemuel_round_altar, kennysheep_little_box
D:7:      layout_cave_pools, uniq_joseph, uniq_pikel
Temple:   nicolae_temple_hex_pool

Skill      XL: |  1  2  3  4  5  6  7  8  9 |
---------------+----------------------------+-----
Maces & Flails | 1 |  1.1
Spellcasting   | 2 3 4 5 |  5.1
Dodging        | 2 3 |  3.5
Short Blades   | 1 2 3 4 6 7 |  7.5
Fighting       | 1 2 3 |  3.8
Necromancy     | 5 6 |  6.9
Stealth        | 3 4 5 |  5.0
Summonings     | |  0.1

Action                   |  1- 3 |  4- 6 |  7- 9 || total
-------------------------+-------+-------+-------++-------
Melee: Mace              |    50 |       |       ||    50
       Punch             |     2 |     1 |     3 ||     6
       Rapier            |    51 |   202 |   130 ||   383
 Cast: Necrotise         |    38 |    20 |    16 ||    74
       Animate Dead      |       |     8 |    15 ||    23
       Vampiric Draining |       |       |     2 ||     2
       Call Imp          |       |       |     2 ||     2
  Use: Scroll            |       |     1 |       ||     1
       Potion            |       |       |     1 ||     1
 Stab: Sleeping          |     2 |     2 |     2 ||     6
       Distracted        |       |     1 |     2 ||     3
       Invisible         |       |     1 |       ||     1
Armor: Robe              |    14 |    31 |    47 ||    92
Dodge: Dodged            |    51 |    81 |   109 ||   241

Table legend: (Time is in decaauts)
 A = Elapsed time spent in this place.
 B = Non-inter-level travel time spent in this place.
 C = Inter-level travel time spent in this place.
 D = Time resting spent in this place.
 E = Time spent auto-exploring this place.
 F = Levels seen in this place.
 G = Mean time per level.
                   A        B        C        D        E       F      G
               +--------+--------+--------+--------+--------+-----+--------+
         Total |   6630 |   6407 |    223 |    947 |   1927 |   8 |  828.8 |
       Dungeon |   6465 |   6271 |    194 |    947 |   1911 |   7 |  923.6 |
        Temple |    165 |    136 |     29 |      0 |     16 |   1 |  165.0 |
               +--------+--------+--------+--------+--------+-----+--------+

Top non-repeatable levels by time:
     D:2: 1446 daAuts
     D:3: 1209 daAuts
     D:4: 1133 daAuts
     D:6: 760 daAuts
     D:1: 704 daAuts
     D:5: 690 daAuts
     D:7: 521 daAuts
  Temple: 165 daAuts
